[Event "44th Chess Olympiad Women 2022"]
[Site "Chennai"]
[Date "2022.08.05"]
[Round "7.17"]
[White "Steffensen, Elena"]
[Black "Varney, Zoe"]
[Result "0-1"]
[WhiteElo "2044"]
[BlackElo "2045"]
[Annotator "NA RC"]
[PlyCount "112"]
[EventDate "2022.??.??"]
[TimeControl "60"]

1. e4 e5 2. Nf3 Nc6 3. d4 exd4 4. Bc4 Nf6 5. e5 Ne4 6. Qe2 Nc5 7. O-O Ne6 8. Rd1 d5 9. exd6 Bxd6 10. c3 dxc3 11. Nxc3 O-O 12. Ne4 Re8 13. Nxd6 cxd6 14. Qd3 Ne5 15. Qe2 Qc7 16. Nxe5 dxe5 17. Bb5 Re7 18. Be3 Nd4 19. Bxd4 exd4 20. Qd2 Qb6 21. a4 Bd7 22. Bf1 Re4 23. a5 Qd6 24. Ra3 Bc6 25. f3 Rf4 26. Qf2 Qf6 27. Be2 Rd8 28.
a6 b6 29. b4 d3 30. Raxd3 Rxd3 31. Bxd3 Rxb4 32. Qd2 Rb2 33. Qe3 g6 34. Be4 Bxe4 35. Qxe4 Qg5 36. f4 Qc5+ 37. Kh1 Qc3 38. h3 Kg7 39. Rd3 Qf6 40. Rd7 Rf2 41. Rxa7 Rxf4 42. Qe3 Rf1+ 43. Kh2 Qd6+ 44. g3 Qd5 45. g4 g5 46. Kg3 Rd1 47. Qc3+ Kg6 48. Qc2+ Rd3+ 49. Kh2 Qe5+ 50. Kh1 Qe4+ 51. Kh2 Qf4+ 52. Kh1 Qf1+ 53. Kh2 Qxh3+ 54. Kg1 Qxg4+ 55. Kf2 Qd4+ 56. Ke2 Qe4+ 0-1

[Event "44th Chess Olympiad Women 2022"]
[Site "Chennai"]
[Date "2022.08.05"]
[Round "7.18"]
[White "Brunello, Marina"]
[Black "Kanyamarala, Trisha"]
[Result "1/2-1/2"]
[WhiteElo "2341"]
[BlackElo "2270"]
[Annotator "ChessBase"]
[PlyCount "75"]
[EventDate "2022.??.??"]
[TimeControl "60"]

1. e4 c5 2. Nf3 Nc6 3. d4 cxd4 4. Nxd4 Nf6 5. Nc3 d6 6. Bg5 e6 7. Qd2 a6 8. O-O-O Be7 9. Nxc6 bxc6 10. Bf4 e5 11. Bg5 Qa5 12. Bxf6 gxf6 13. Bc4 h5 14. Bb3 Be6 15. Kb1 Rb8 16. Qd3 Rg8 17. g3 Qb6 18.
f3 a5 19. Na4 Qb5 20. Qe3 Qb4 21. f4 Rg4 22. h3 Rg8 23. Ka1 h4 24. gxh4 exf4 25. Qxf4 c5 26. Nc3 c4 27. Ba4+ Kd8 28. Rb1 Qc5 29. Nd5 Bxd5 30. exd5 Rb4 31. Bc6 c3 32. Qc1 cxb2+ 33. Rxb2 Rxb2 34. Qxb2 Rg1+ 35. Rxg1 Qxg1+ 36. Qb1 Qd4+ 37. Qb2 Qg1+ 38.
Qb1 1/2-1/2

[Event "44th Chess Olympiad Women 2022"]
[Site "Chennai"]
[Date "2022.08.05"]
[Round "7.18"]
[White "Gueci, Tea"]
[Black "Putar, Lara"]
[Result "1-0"]
[WhiteElo "2254"]
[BlackElo "1969"]
[Annotator "NA RC"]
[PlyCount "117"]
[EventDate "2022.??.??"]
[TimeControl "60"]

1. e4 e6 2. d4 d5 3. Nd2 c5 4. Ngf3 Nc6 5. exd5 exd5 6. Bb5 Qe7+ 7. Be2 Qc7 8. O-O Nf6 9. Re1 cxd4 10. Nb3 Bb4 11. Bd2 Bxd2 12. Qxd2 O-O 13. Bd3 Bg4 14. Nbxd4 Rfe8 15. c3 Ne4 16. Qc2 Bxf3 17. Nxf3 Qf4 18. Re3 Ne5 19. Nxe5 Rxe5 20. g3 Qf6 21. Bxe4 dxe4 22. Rxe4 Qf5 23. Rae1 g6 24. Qe2 Rd5 25. c4 Rd6 26. Qe3 Qf6 27. Rf4 Qe6 28. Qc3 Qd7 29. Rfe4 Rd8 30. Re7 Qc6 31. Qb3 R6d7 32. Re8+ Rxe8 33. Rxe8+ Kg7 34. Qc3+ f6 35. Re1 Qc5 36. b3 Qf5 37. Qb4 Kf7 38. c5 Qd5 39. Qh4 Kg7 40. Qg4 f5 41. Qb4 Kf7 42. Qc3 Qd4 43.
Qc2 Kg7 44. a3 a5 45. Re6 Kf7 46. Rb6 Re7 47. Rd6 Qa1+ 48. Kg2 Qe5 49. Qc4+ Kg7 50. b4 axb4 51. axb4 Rc7 52. Re6 Qb2 53. Re8 Rf7 54. b5 Qf6 55. c6 bxc6 56. bxc6 Rc7 57. Rg8+ Kh6 58. Qf4+ Qg5 59. Qxc7 1-0

[Event "44th Chess Olympiad Women 2022"]
[Site "Chennai"]
[Date "2022.08.05"]
[Round "7.18"]
[White "Mirza, Diana"]
[Black "Raccanello, Marianna"]
[Result "0-1"]
[WhiteElo "1898"]
[BlackElo "2067"]
[Annotator "NA RC"]
[PlyCount "60"]
[EventDate "2022.??.??"]
[TimeControl "60"]

1. d4 Nf6 2. c4 e6 3. Nc3 Bb4 4. e3 O-O 5. Bd2 d5 6. Nf3 b6 7. cxd5 exd5 8.
Rc1 Bb7 9. Bd3 Be7 10. O-O c5 11. Bb1 Nc6 12. dxc5 bxc5 13. e4 Nd4 14. exd5 Nxd5 15. Ne4 Rc8 16. Ne5 f6 17. Nc4 f5 18. Ng3 f4 19. Ne2 f3 20. Nxd4 cxd4 21. gxf3 Bg5 22. Ba5 Qf6 23. Qd3 Qh6 24. Rcd1 Nf4 25. Qxh7+ Qxh7 26. Bxh7+ Kxh7 27. Nd2 Ne2+ 28. Kg2 Bxd2 29. Rxd2 Bxf3+ 30. Kh3 Rc5 0-1

[Event "44th Chess Olympiad Women 2022"]
[Site "Chennai"]
[Date "2022.08.05"]
[Round "7.18"]
[White "O`Gorman, Alice"]
[Black "Zimina, Olga"]
[Result "1-0"]
[WhiteElo "2043"]
[BlackElo "2340"]
[Annotator "ChessBase"]
[PlyCount "77"]
[EventDate "2022.??.??"]
[TimeControl "60"]

1. c4 c6 2. Nf3 d5 3. e3 Nf6 4. Nc3 a6 5. Qc2 e6 6. b3 Bd6 7. Bb2 e5 8. d4 e4 9. Ne5 Nbd7 10. Nxd7 Bxd7 11. Be2 O-O 12. Rg1 dxc4 13. Bxc4 b5 14. Be2 Qe7 15. g4 Rfe8 16. O-O-O a5 17. g5 Nd5 18. Kb1 a4 19. Bg4 Nb4 20. Qd2 axb3 21. axb3 Ra6 22. d5 c5 23. Qe2 Nd3 24. Bxd7 Nxb2 25. Bxe8 Nxd1 26. Rxd1 Qxe8 27. Qxb5 Qa8 28.
Na4 Ra5 29. Qc6 Qd8 30. Qb6 Bc7 31. Qc6 Qb8 32. d6 Rxa4 33.
Qxa4 Bxd6 34. Kc2 Bf8 35. Qxe4 Qxh2 36. Qf4 Qh3 37. Rd8 Qe6 38. Qb8 Qe7 39. Re8 1-0

[Event "44th Chess Olympiad Women 2022"]
[Site "Chennai"]
[Date "2022.08.05"]
[Round "7.19"]
[White "Azhar, Puteri Munajjah Az-"]
[Black "Chumpitaz, Ann"]
[Result "1-0"]
[WhiteElo "2018"]
[BlackElo "2278"]
[Annotator "ChessBase"]
[PlyCount "137"]
[EventDate "2022.??.??"]
[TimeControl "60"]

1. d4 Nf6 2. c4 c5 3. d5 b5 4. cxb5 e6 5. dxe6 fxe6 6. Nf3 a6 7. bxa6 d5 8. e3 Bd6 9. Nc3 O-O 10. Bd3 Nc6 11. O-O Nb4 12. Bb1 e5 13.
e4 d4 14. Nd5 Bxa6 15. Re1 Qb8 16. Nxf6+ Rxf6 17. Nh4 Qf8 18. Nf5 Bc8 19. h4 g6 20. Bh6 Qf7 21. Nxd6 Rxd6 22. a3 Be6 23. Bd3 Nc6 24. Bb5 Ne7 25.
Rc1 c4 26. Qd2 Rc8 27. Bg5 Rdd8 28. Qb4 Rc7 29. a4 d3 30. f3 Rdc8 31. Qd6 Nc6 32. Bxc6 Rxc6 33. Qxe5 Rc5 34. Qd4 R5c7 35. Red1 Qe8 36. Bh6 Rb7 37. a5 Qb5 38. Rd2 Qxa5 39. Qf6 Qb6+ 40. Kh1 Rf7 41. Qe5 Rc5 42. Ra1 Rc8 43. Ra5 Re8 44. Rb5 Qa7 45. Ra5 Qb8 46. Qg5 Qd8 47. Qxd8 Rxd8 48. Rb5 Ra7 49. Kg1 Ra1+ 50. Kf2 Rb1 51. Bg5 Ra8 52. Bf6 Raa1 53. Bc3 Ra7 54. Rb8+ Kf7 55. Rh8 Raa1 56. Rxh7+ Ke8 57. h5 Rf1+ 58. Ke3 Rae1+ 59. Kd4 gxh5 60. Rxh5 Re2 61. Ke5 Bg8 62. Kf6 Rxd2 63. Bxd2 Rf2 64. Bc3 d2 65. Rh1 Rxg2 66. f4 Bh7 67. Ke5 Bg6 68. Rd1 Re2 69. f5 1-0

[Event "44th Chess Olympiad Women 2022"]
[Site "Chennai"]
[Date "2022.08.05"]
[Round "7.19"]
[White "Caballero Quijano, Mitzy Mishell"]
[Black "Azhar, Puteri Rifqah Fahad"]
[Result "1-0"]
[WhiteElo "2035"]
[BlackElo "1940"]
[Annotator "NA RC"]
[PlyCount "75"]
[EventDate "2022.??.??"]
[TimeControl "60"]

1. d4 Nf6 2. Nf3 g6 3. c4 Bg7 4. g3 d6 5. Bg2 O-O 6. Nc3 Nc6 7. O-O a6 8. h3 Rb8 9. e4 b5 10. cxb5 axb5 11. Re1 Nd7 12. Bg5 h6 13. Be3 e5 14. d5 Na5 15. b3 f5 16. exf5 gxf5 17. Nh4 Qf6 18.
Rc1 b4 19. Na4 f4 20. Bd2 Nc5 21. Nxc5 dxc5 22. Kh2 Nb7 23. Qh5 Bd7 24. Rc2 Be8 25. Qe2 Rd8 26. Bc1 c6 27. Qa6 Rf7 28. dxc6 Rc7 29. Bb2 Re7 30. Qc4+ Bf7 31. Qe2 Nd6 32. Rxc5 Rde8 33. c7 fxg3+ 34. fxg3 Nc8 35. Rf1 Qb6 36. Rc6 Qa5 37. Nf5 Rxc7 38. Qg4 1-0

[Event "44th Chess Olympiad Women 2022"]
[Site "Chennai"]
[Date "2022.08.05"]
[Round "7.19"]
[White "Cori T., Deysi"]
[Black "Foudzi, Siti Zulaikha"]
[Result "1-0"]
[WhiteElo "2371"]
[BlackElo "2188"]
[Annotator "TA"]
[PlyCount "117"]
[EventDate "2022.??.??"]
[TimeControl "60"]

1. Nf3 f5 2. d3 Nf6 3. Bg5 e6 4. e4 Be7 5. Nc3 d5 {[%emt 0:05:57] [#]} 6. Qd2 $146 {
[%emt 0:14:49] A04: Unusual lines after 1 Nf3 and King's Indian Attack.} ({
Predecessor:} 6. e5 Nfd7 7. Bxe7 Qxe7 8. Qd2 O-O 9. O-O-O a6 10. Ne2 c5 11. c3
Nc6 12. d4 {1-0 (26) Cichonski,B (2018)-Kus,A (1900) Krakow 2016}) 6... O-O (6... d4 $11 7. Ne2 c5) 7. O-O-O (7. e5 $14
Nfd7 8. d4) 7... d4 $11 8. Nb5 (8. Ne2 $1 $11
{remains equal.}) 8... c5 (8... e5 $142 $1 9. Nxe5 c6) 9. e5
$17 Nd5 ({Black should try} 9... Ne8 $17) 10.
Bxe7 Qxe7 11. g3 Bd7 12. Nd6 Nc6 13.
Qg5 Qxg5+ 14. Nxg5 h6 ({Much less strong is} 14... Nxe5 15. Re1 Ng4 16. h3 $16) 15.
Nf3 Rab8 16.
Bg2 b5 17. Rhe1 Rb6 18. Nh4 Nce7 {[%emt 0:07:03] Prevents Ng6.} (
18... Nde7 $142) 19. Bxd5 $11 Nxd5 20. Ng6 {
[%emt 0:01:16] Pair of Knights!} Rfb8 21. Rg1 Kh7 22. Nf4 Nb4 (22... Nf6
$5 ) 23. g4 Nc6 24. Rde1 {
[%emt 0:02:29] Black must now prevent gxf5.} Nxe5 25. Rxe5 $16 Rxd6 {[%emt 0:00:04] [#]} 26. gxf5 ({Much
worse is} 26. Rxc5 $6 fxg4 27. Nh5 Rf8 $11) 26... exf5 27. Re7 Rg8 28. h4 {[%emt 0:00:05] White is more
active.} Be8 (28... c4 $16) 29. Ne6 $36 {[%emt 0:00:12][%cal
Re6g7] White is really pushing.} Rd7 {[%emt 0:01:57] [#]} 30. Nf8+ $1 {[%emt 0:
01:38] Deflection} Rxf8 31. Rgxg7+ Kh8 32. Rh7+ Kg8 {[%emt 0:00:00] And now ...Rxe7
would win.} 33. Rhg7+ (33. Rxd7 $16 Bxd7 34. Rxd7) 33... Kh8 34. Rxd7 Bxd7 35. Rxd7 {
[%emt 0:00:01] Endgame KR-KR} f4 36. b4 (36.
Rxa7 $18 {Rb7 is the strong threat.} f3 37. Ra5) 36... cxb4 $16 37. Rxd4 Kg7 {[%emt 0:01:21] Loses the game.} (37... a5 $16
{keeps fighting.}) 38. Rxb4 $18 Rf5 39. a4 bxa4 (39... a6 {might work better.} 40. Kd2
Kf7 41. axb5 axb5) 40. Rxa4 a5 41. Kd2 Kg6 $2 (41... Kf7 42. c4 Rh5) 42. c4 Kh5 43. d4 {[%emt 0:00:00]
Threatens to win with c5.} Kxh4 44. c5 {[%emt 0:00:00]
Strongly threatening c6.} Rd5 45. c6 {[%emt 0:00:00] White
threatens c7 and mate.} Rd8 46. Kd3 Kg4 47. Rxa5 {[%emt 0:00:00] Threatening mate with c7.} h5 48. f3+ Kxf3 49. Rxh5 {
[%emt 0:00:00] Intending c7 and mate.} Kg2 50. Rg5+ {[%emt 0:
00:00] White mates.} Kf2 51. c7 Rc8 52. Rg7 f3 53. d5 Ke1 54. Re7+ Kd1 55. Rf7 Ke1 56. d6 f2 57. Kd4 f1=Q 58.
Rxf1+ Kxf1 59. Kd5 {[%emt 0:00:04] Weighted
Error Value: White=0.21 (precise) /Black=0.40} 1-0

[Event "44th Chess Olympiad Women 2022"]
[Site "Chennai"]
[Date "2022.08.05"]
[Round "7.19"]
[White "Sim, Jia Ru"]
[Black "Paredes Bustamante, Paula Elizab"]
[Result "0-1"]
[WhiteElo "2005"]
[BlackElo "2162"]
[Annotator "NA RC"]
[PlyCount "92"]
[EventDate "2022.??.??"]
[TimeControl "60"]

1. e4 e5 2. Nf3 Nc6 3. Bb5 a6 4. Ba4 Nf6 5. O-O b5 6. Bb3 Be7 7. Re1 d6 8. c3 O-O 9. h3 Na5 10. Bc2 c5 11. d4 Nc6 12. d5 Nb8 13.
Nbd2 a5 14. Nf1 Nbd7 15. N3h2 c4 16. f4 exf4 17. Bxf4 Ne5 18. Nf3 Nfd7 19. Ne3 Bf6 20. Nd4 Qb6 21. Nef5 Nc5 22. Be3 b4 23. g4 g6 24. Nh6+ Kh8 25. Nf3 Qc7 26. Rf1 bxc3 27. bxc3 Qe7 28. Nxe5 Bxe5 29. Qf3 Ra7 30. Rab1 Rc7 31. Rb8 Bg7 32. Bd4 Nd7 33. Ra8 Ne5 34. Qe3 Qh4 35. Bxe5 Bxe5 36. Nxf7+ Rcxf7 37. Rxf7 Rxf7 38. Rxc8+ Kg7 39. Rxc4 Bf4 40. Qd4+ Kh6 41.
Qd3 Bh2+ 42. Kxh2 Qf2+ 43. Kh1 Qe1+ 44. Kg2 Rf2+ 45. Kg3 Rf1+ 46. Kg2 Qf2# 0-1

[Event "44th Chess Olympiad Women 2022"]
[Site "Chennai"]
[Date "2022.08.05"]
[Round "7.20"]
[White "Avila Fraire, Ameyalli"]
[Black "Citra, Dewi Ardhiani Anast"]
[Result "0-1"]
[WhiteElo "1907"]
[BlackElo "2257"]
[Annotator "ChessBase"]
[PlyCount "72"]
[EventDate "2022.??.??"]
[TimeControl "60"]

1. e4 c5 2. Nf3 a6 3. c3 d5 4. exd5 Qxd5 5. d4 Nc6 6. Be3 cxd4 7. cxd4 e6 8. Nc3 Qd6 9. a3 Nf6 10. Bd3 Be7 11. O-O O-O 12. Bc2 Rd8 13.
Qd3 g6 14. Rad1 b5 15. b4 Bb7 16. Bb3 Rac8 17. d5 exd5 18. Nxd5 Nxd5 19. Qxd5 Qf6 20. Qe4 Rxd1 21. Rxd1 Na5 22. Bd4 Qxf3 23. gxf3 Bxe4 24. bxa5 Bxf3 25. Ra1 Bxa3 26. Bd1 Bxd1 27. Rxa3 b4 28. Rd3 Bc2 29. Re3 f5 30. Re7 Be4 31. h3 Kf8 32. Rxh7 Rc1+ 33. Kh2 f4 34. Rh8+ Kf7 35. Rh7+ Ke6 36. f3 Bxf3 0-1

[Event "44th Chess Olympiad Women 2022"]
[Site "Chennai"]
[Date "2022.08.05"]
[Round "7.20"]
[White "Guerrero Rodriguez, Alejandra"]
[Black "Aulia, Medina Warda"]
[Result "0-1"]
[WhiteElo "2006"]
[BlackElo "2374"]
[Annotator "RC"]
[PlyCount "42"]
[EventDate "2022.??.??"]
[TimeControl "60"]

1. e4 c5 2. Nf3 a6 3. d4 cxd4 4. Qxd4 Nc6 5. Qe3 Nf6 6. c4 e5 7. h3 Bb4+ 8. Nbd2 d6 9. Be2 O-O 10. O-O Bc5 11. Qg5 h6 12. Qh4 Ne7 13.
g4 Ng6 14. Qg3 Nf4 15. Bd1 b5 16. cxb5 axb5 17. a3 Bb7 18. Re1 Nd3 19. Re2 Rc8 20. Kh2 Bb6 21. Nb3 Nxe4 0-1

[Event "44th Chess Olympiad Women 2022"]
[Site "Chennai"]
[Date "2022.08.05"]
[Round "7.20"]
[White "Mariroh, Fariha"]
[Black "Guillen Cristobal, Sandra N"]
[Result "1/2-1/2"]
[WhiteElo "1839"]
[BlackElo "1962"]
[Annotator "NA RC"]
[PlyCount "121"]
[EventDate "2022.??.??"]
[TimeControl "60"]

1. e4 c5 2. Nf3 Nc6 3. d4 cxd4 4. Nxd4 g6 5. c4 Bg7 6. Be3 Nf6 7. Nc3 O-O 8. Be2 d6 9. O-O Bd7 10. Qd2 Nxd4 11. Bxd4 Bc6 12. f3 a5 13. b3 Nd7 14. Bf2 Nc5 15. Rab1 Be5 16. Bd1 e6 17. Bc2 Qf6 18. Ne2 Qe7 19. Nd4 Rfd8 20. Rfe1 g5 21. Be3 f6 22. a3 Qf7 23. Qf2 Be8 24. Kh1 Qe7 25. g3 Bg6 26. Nb5 Be8 27. f4 Bxb5 28.
fxe5 Bc6 29. Bxc5 dxc5 30. exf6 Qd6 31. Kg1 Qe5 32. Rbd1 Rf8 33. Rf1 Rf7 34. Qe3 Raf8 35. Bd3 Rxf6 36. Rxf6 Rxf6 37. Bc2 Rf8 38. Qd2 Kg7 39. Qxa5 Rf7 40. Qd8 h6 41. Qd6 Qc3 42. Qd3 Qe5 43. Rf1 Rxf1+ 44. Kxf1 h5 45. b4 cxb4 46. axb4 b5 47. c5 h4 48. Ke2 hxg3 49. hxg3 Qb2 50. Qd2 Qe5 51. Qe3 Be8 52. Kd2 Kf6 53.
Qf3+ Ke7 54. Qc3 Kf6 55. Qd3 Ke7 56. Qa3 Qd4+ 57. Kc1 Kf6 58.
Qf3+ Ke7 59. Qa3 Kf6 60. Qf3+ Ke7 61. Qa3 1/2-1/2

[Event "44th Chess Olympiad Women 2022"]
[Site "Chennai"]
[Date "2022.08.05"]
[Round "7.20"]
[White "Sukandar, Irine Kharisma"]
[Black "Corrales Jimenez, Zenia"]
[Result "1/2-1/2"]
[WhiteElo "2373"]
[BlackElo "2143"]
[Annotator "TA"]
[PlyCount "88"]
[EventDate "2022.??.??"]
[TimeControl "60"]

1. e4 c5 2. Nf3 d6 3. d4 cxd4 4. Nxd4 Nf6 5. Nc3 g6 6. Be3 Bg7 7. f3 O-O 8. Qd2 Nc6 9. g4 Be6 10. Nxe6 fxe6 11. O-O-O Ne5 12. Be2 Qc8 {[%emt 0:00:18] B76: Sicilian Dragon:
Yugoslav Attack, 9 g4 and 9 0-0-0.} 13. h4 {[%emt 0:11:53][%cal Yh2h4,Yh4h5]
Threatens to win with h5.} Nfd7 14. h5 Nxf3 {
[%emt 0:29:48] Pair of Knights!} 15. Nd5 exd5 (15... Nxd2 $11 {keeps the balance.} 16. Nxe7+ Kf7 17. Nxc8 Raxc8 18. Bxd2 Kg8)
16. Qxd5+ $16 Rf7 {[%emt 0:00:05] [#] aiming for ...Nde5.} (
16... Kh8 $2 17. hxg6 Nf6 18. Rxh7+ Nxh7 19. Qh5 $18) 17. hxg6 {[%emt 0:06:12]
The board is on fire.} hxg6 18. Bxf3 Ne5 19. Be2 {[%emt 0:01:30] White is more active.} Qc6 {[%emt 0:03:
07] [#]} 20. Bd4 $146 (20. c3 $16) ({Predecessor:} 20. Qxc6
bxc6 21. g5 c5 22. Rh4 Rb8 23. c3 Kf8 24. Rdh1 Ke8 25. Rh7 Kd7 26. a4 {1-0 (36)
Thybo,J (2464)-Winiarski,M (2269) Rymanow Zdroj 2017}) 20... Qxd5 $11 21. exd5 Rf4 22. Bxe5 Bxe5 23. Rdf1 Rxf1+ 24.
Rxf1 Rf8 25. Rxf8+ Kxf8 {
[%emt 0:00:06] Endgame KB-KB} 26. Bb5 Kf7 27.
Bd7 Kf6 28. c3 Bf4+ 29. Kc2 Ke5 30. Be6 a5 31. Kd3 g5 32.
Kc4 {[%emt 0:00:59] And now a4 would win.} Bc1 (32... a4 $1
$11) 33. b4 $1 $14 axb4 $2 (33... a4 $1 $14)
34. cxb4 $18 {[%emt 0:00:06] Black must now prevent a4.} Ba3 {[%emt 0:00:19] 
[#]} 35. Kb3 (35. Bd7 $1 $18) 35... Bc1 $14 36. a4 $1 b5 $1 37. axb5 (
37. a5 $14) 37... Be3 $11 {[%emt 0:00:05] The position is equal.} 38. b6 Bxb6 39. Kc4 {[%emt 0:00:06] Kb5 would kill
now.} Bf2 40. Kb5 {[%emt 0:00:00] Intending Kc6 and mate.} Be1
$1 41. Ka4 {[%emt 0:31:40] Strongly threatening b5.} Kd4 42. Kb3 $1 Bd2 43. Bf7 Be1 44. Be6 Bd2 {[%emt 0:00:
00] Weighted Error Value: White=0.17 (very precise) /Black=0.14 (very precise)}
1/2-1/2

[Event "44th Chess Olympiad Women 2022"]
[Site "Chennai"]
[Date "2022.08.05"]
[Round "7.21"]
[White "Agrest, Inna"]
[Black "Liu, Yang Hazel"]
[Result "1-0"]
[WhiteElo "2217"]
[BlackElo "2046"]
[Annotator "TA"]
[PlyCount "143"]
[EventDate "2022.??.??"]
[TimeControl "60"]

1. e4 {[%emt 0:00:05] Rogozenco,D} c5 2. Nf3 Nc6 3. d4 cxd4 4. Nxd4 Nf6 5. Nc3 e5 6. Ndb5 d6 7. Bg5 a6 8. Na3 b5 9. Nd5 Be7 10. Nxe7 Nxe7 11. Qd3 {[%emt 0:03:25] B33: Sicilian: Pelikan
and Sveshnikov Variations.} d5 12. exd5 {[%emt 0:00:34] [#]}
Nexd5 $146 ({Predecessor:} 12... Bf5 13. Qb3 Qxd5 14. Qxd5
Nexd5 15. c4 bxc4 16. Bxc4 O-O 17. O-O Nb4 18. Rfe1 Rfe8 19. Rad1 Ne4 20. Be3
Rac8 21. f3 Nf6 22. Re2 Be6 23. b3 e4 24. Rdd2 {½-½ (24) Anand,V (2786)-Leko,
P (2749) Linares 2005 CBM 106 [Rogozenco,D]}) 13. Rd1 {[%emt 0:12:15] The
position is equal.} Bb7 14. Be2 O-O 15. O-O h6 16. Bc1 Qc7 17. c4 $1 bxc4 18. Nxc4 Rfd8 19. Qa3 Ne7 (19... a5 $11) 20. Qa5 Qxa5 21. Nxa5 Bd5 22. b4 (22. b3 $14)
22... Bxa2 23. Rxd8+ Rxd8 24. Bxa6 Rd4 25. Ba3 Nfd5 26. Ra1 Rd2 27. Bf1 {[%emt 0:
00:00] A strong pair of Bishops.} Nc3 28. b5 Ned5 29. Re1 e4 (29... f6
$14) 30. Nc6 $16 Bb3 {[%emt 0:01:28] [#]} (30... f6 $16) 31.
Ne7+ (31. b6 $1 $18 {[%cal Rb6b7] Threatens to win with b7.}
Nxb6 32. Re3) 31... Nxe7 $14 32. Bxe7 {[%emt 0:00:02] And now
Bb4 would win.} Ba4 $2 ({Better is} 32... Rc2 $14) 33. b6 $2 (33. Bb4 $18 Rc2 34. Bxc3 Rxc3 35. Ra1 (35. Rxe4 Bd1 $18) 35...
Bxb5 36. Bxb5) 33... Rb2 $11 34. Bd8 Bb5 35. Bxb5 Rxb5 {[%emt 0:00:04] Endgame KRB-KRN}
36. h3 Nd5 37. Rxe4 Nxb6 (37... Kf8 $11) 38. Re8+ $16 Kh7 39. Re7 {[%emt 0:00:13] Rb7 is the strong threat.} Rb1+ 40. Kh2 Nd5 41. Rxf7 Kg6 42. Rd7 Rb5 43. Bh4 Nf6 44. Ra7 Rh5 45.
Ra4 Re5 46. Ra6 Re2 47. g4 Kf7 48. Kg2 Nd5 ({Black should try} 48... g5 $14) 49. Ra7+ Kg6 50. Bg3 Nf6 51. Kf3 Rc2 52. Be5 Rc5 53. Ba1 h5 54. Bd4 (54. Kg3 $16) 54... Rc4 55. Ba1 Rc5 56. Kg3 {[%emt 0:00:42] Hoping for f4.} hxg4 57. hxg4 {[%emt 0:00:05] Strongly threatening f4.} Rc4 {
[%emt 0:02:26] [#]} (57... Rc1 $16 {keeps fighting.}) 58. f3 $2 (58. f4 $1 $18 {and the rest is easy.}) 58... Rc1 59. Bd4 Rc4 60. Bb2 {[%emt 0:00:00] White is more
active.} Rc2 61. Rb7 Rd2 62.
Ba1 Rd1 63. Ra7 (63. Bc3 $16
) 63... Rd2 (63... Rc1 $1 $11) 64. Ra6 Rd5 65. f4 {[%emt 0:02:29][%cal Yf3f4,Yf4f5] aiming for g5.} Kf7 66. g5 Nd7 $2 (66... Ne4+ $16 67. Kg4 g6) 67. g6+ $18 Kg8 68. Ra8+ {[%emt 0:00:23] White mates.} Nf8 69. Kg4 Rd6 70. f5 Rb6 71. Ra7 Rb4+ 72. Kg5 {[%emt 0:00:13]
Weighted Error Value: White=0.22 (precise) /Black=0.23 (precise)} 1-0

[Event "44th Chess Olympiad Women 2022"]
[Site "Chennai"]
[Date "2022.08.05"]
[Round "7.21"]
[White "Hng, Mei-Xian Eunice"]
[Black "Cramling Bellon, Anna"]
[Result "0-1"]
[WhiteElo "1823"]
[BlackElo "2065"]
[Annotator "NA RC"]
[PlyCount "128"]
[EventDate "2022.??.??"]
[TimeControl "60"]

1. e4 c5 2. d4 cxd4 3. c3 Nf6 4. e5 Nd5 5. Qxd4 e6 6. Bd3 Nc6 7. Qe4 f5 8. exf6 Nxf6 9. Qh4 Ne5 10. Bc2 d5 11. Bg5 Bd6 12. Nd2 h6 13.
Ngf3 Nf7 14. Bg6 O-O 15. Be3 e5 16. O-O Nh8 17. Bc2 e4 18.
Nxe4 Nxe4 19. Bxe4 dxe4 20. Qxe4 Re8 21. Qd5+ Be6 22. Qxb7 Rb8 23. Qxa7 Bd5 24. Nd2 Bxh2+ 25. Kxh2 Qh4+ 26. Kg1 Bxg2 27. Kxg2 Qg4+ 28. Kh2 Rb5 29. Bc5 Re5 30. Qa8+ Kh7 31. Qg2 Qf4+ 32. Qg3 Rh5+ 33. Kg2 Rg5 34. Nf3 Rxg3+ 35. fxg3 Rxb2+ 36. Rf2 Rxf2+ 37. Kxf2 Qf5 38. Bd4 Nf7 39. Rf1 Ng5 40. Ke2 Qe4+ 41. Be3 Qc4+ 42. Ke1 Qxc3+ 43. Ke2 Qc4+ 44. Ke1 Ne4 45. Bf4 g5 46. Be5 g4 47. Bf4 gxf3 48. Rxf3 Qxa2 49. Kf1 Qc2 50. Be3 Qd1+ 51. Kg2 Qe2+ 52. Bf2 Kg6 53. Rf4 Kg5 54. Rf3 Nxf2 55. Rxf2 Qe4+ 56. Kh2 h5 57. Rf8 Qc2+ 58. Kh3 Qc4 59. Rf4 Qe2 60. Rf8 Qe1 61. Rg8+ Kh6 62. Rh8+ Kg6 63. Rg8+ Kh7 64. Rg5 Qh1# 0-1

[Event "44th Chess Olympiad Women 2022"]
[Site "Chennai"]
[Date "2022.08.05"]
[Round "7.21"]
[White "Hng, Mei-En Emmanuelle"]
[Black "Cramling, Pia"]
[Result "0-1"]
[WhiteElo "1997"]
[BlackElo "2459"]
[Annotator "ChessBase"]
[PlyCount "66"]
[EventDate "2022.??.??"]
[TimeControl "60"]

1. e4 c5 2. d4 cxd4 3. c3 Nf6 4. e5 Nd5 5. Qxd4 e6 6. Bd3 Nc6 7. Qe4 Qc7 8. Nf3 Ncb4 9. O-O f5 10. exf6 Nxf6 11. Qe2 Nxd3 12. Qxd3 b6 13. Re1 Bb7 14. c4 Be7 15. Nc3 O-O 16. Nb5 Qc6 17. Bd2 a6 18. Nbd4 Qc7 19. Rad1 Rae8 20. Bg5 Bc5 21. Bxf6 Rxf6 22. Ng5 Rh6 23. Ndf3 Bc6 24. a3 a5 25. h3 Rf8 26. Re2 Rg6 27. h4 Bxf3 28.
Nxf3 Qg3 29. Ng5 Bxf2+ 30. Kh1 Qxh4+ 31. Nh3 Rg3 32. Rxf2 Rxf2 33. Qd6 Rxh3+ 0-1

[Event "44th Chess Olympiad Women 2022"]
[Site "Chennai"]
[Date "2022.08.05"]
[Round "7.21"]
[White "Johansson, Viktoria"]
[Black "Fang, Kun"]
[Result "1-0"]
[WhiteElo "2041"]
[BlackElo "1766"]
[Annotator "NA RC"]
[PlyCount "181"]
[EventDate "2022.??.??"]
[TimeControl "60"]

1. d4 d5 2. c4 c6 3. Nf3 Nf6 4. Nc3 e6 5. e3 Nbd7 6. Be2 Bd6 7. O-O O-O 8.
Qc2 Qe7 9. e4 dxe4 10. Nxe4 Nxe4 11. Qxe4 e5 12. Bg5 Qe6 13. c5 Bc7 14. Rac1 Qg6 15. Qe3 exd4 16. Qxd4 Ne5 17. Qh4 Nxf3+ 18. Bxf3 h6 19. Be3 Re8 20. Rfe1 Be6 21. a3 Rad8 22. Qb4 Re7 23. Bf4 Bxf4 24. Qxf4 Red7 25. Rc3 Bd5 26. h3 Be6 27. Be4 Qh5 28. Rg3 Rd4 29. Qe3 Kh8 30. b4 a5 31. Bf3 Qh4 32. Qe5 Rg8 33. Be4 Rd2 34. Bb1 Rd5 35.
Qc3 axb4 36. axb4 Qd4 37. Qa3 Bf5 38. Rf3 Bxb1 39. Rxb1 Qe4 40. Rf1 f6 41. Re3 Qd4 42. Rfe1 Rf5 43. Qd3 Rf4 44. Qg6 f5 45. g3 Re4 46. Rxe4 fxe4 47. Qxe4 Qd2 48. Kg2 Ra8 49. Re2 Qd1 50. Qf3 Qb1 51. Qg4 Ra1 52. Re8+ Kh7 53. Qe4+ Qxe4+ 54. Rxe4 Rb1 55. g4 Rb2 56. h4 Kg8 57. h5 Kf7 58. Kg3 Rb1 59. Rd4 Ke6 60. Kf4 Rb2 61. f3 Rb3 62. Ke4 Rb1 63. Rd6+ Ke7 64. Kf5 Rb3 65. Kg6 Rxf3 66. Rd4 Kf8 67. Rd8+ Ke7 68. Rb8 Rf4 69. Rxb7+ Ke6 70. Kxg7 Rxg4+ 71. Kxh6 Kf6 72. Kh7 Rg5 73. h6 Rg4 74. Rb6 Kf7 75. Rb8 Rh4 76. Rb7+ Kf6 77. Rb6 Kf7 78. Rxc6 Rxb4 79. Rg6 Rb8 80. c6 Ra8 81. c7 Rc8 82. Rc6 Kf8 83. Rc1 Kf7 84. Rc6 Kf8 85.
Kg6 Kg8 86. Kf6 Kh8 87. Ke7 Kh7 88. Kd7 Rf8 89. c8=Q Rf7+ 90. Ke6 Re7+ 91. Kd6 1-0

[Event "44th Chess Olympiad Women 2022"]
[Site "Chennai"]
[Date "2022.08.05"]
[Round "7.22"]
[White "Demchenko, Svitlana"]
[Black "Trippold, Denise"]
[Result "1/2-1/2"]
[WhiteElo "2122"]
[BlackElo "2151"]
[Annotator "ChessBase"]
[PlyCount "54"]
[EventDate "2022.??.??"]
[TimeControl "60"]

1. e4 e6 2. d4 d5 3. Bd3 dxe4 4. Bxe4 Nf6 5. Bf3 c5 6. Ne2 Nc6 7. Be3 cxd4 8. Nxd4 Ne5 9. Nc3 a6 10. Qe2 Nxf3+ 11. Qxf3 Be7 12. O-O-O Qc7 13. g4 O-O 14. g5 Ne8 15. Rhg1 Bd7 16. Ne4 Bc6 17. Nxc6 Qxc6 18. Rd3 Kh8 19. Bd4 Nd6 20. Bf6 Nf5 21. Bxe7 Nxe7 22. Rc3 Qd5 23. Kb1 Rac8 24. Rd3 Qc6 25. Rc3 Qd5 26. Rd3 Qc6 27. Rc3 Qd5 1/2-1/2